Map: 2000 Atmospheres LE

Players

HIGUMA - Winner!

  • Race: Terran Terran
  • League: Diamond

A.I. 1 (Very Easy)

  • Race: Terran Terran

VOD

Have the link to the VOD?

Description

Time

  • Played on: May 4, 2021, 1:18 a.m.
  • Length: 12:44
Show
View Real Time Build Order
Export as new Build Order

HIGUMA Terran - Winner!

Build Orders: Cyclone Opening, Mech 

Get SALT Encoding   

  12  0:00  SCV  
  13  0:12  SCV  
  14  0:17  Supply Depot  
  14  0:24  SCV  
  15  0:39  SCV  
  15  0:40  Barracks  
  16  0:46  Refinery  
  16  0:51  SCV  
  16  0:54  Refinery  
  17  1:03  SCV  
  18  1:16  SCV  
  19  1:28  Marine  
  19  1:29  Orbital Command  
  20  1:36  Factory  
  20  1:50  Supply Depot  
  20  1:55  Barracks Tech Lab  
  20  1:57  SCV  
  21  2:09  SCV  
  22  2:25  SCV  
  23  2:34  Cyclone  
  23  2:35  Starport  
  23  2:37  Supply Depot  
  26  2:40  SCV  
  27  2:52  SCV  
  28  3:04  SCV  
  28  3:06  Cyclone  
  31  3:13  Starport Tech Lab  
  31  3:16  SCV  
  32  3:26  Command Center  
  32  3:33  Banshee  
  35  3:36  Cloaking Field  
  35  3:46  Siege Tank  
  38  3:49  SCV  
  39  3:55  Supply Depot  
  39  4:17  SCV, Banshee  
  39  4:20  Cyclone  
  46  4:29  SCV  
  47  4:51  Orbital Command, SCV  
  48  4:58  Cyclone  
  48  5:03  SCV  
  48  5:07  Banshee  
  49  5:10  Command Center  
  49  5:13  Factory  
  52  5:15  Refinery  
  52  5:19  SCV  
  53  5:25  SCV  
  54  5:33  Siege Tank  
  54  5:35  SCV  
  58  5:40  SCV  
  58  5:41  Supply Depot  
  59  5:47  SCV  
  60  5:54  SCV  
  61  5:59  Factory Tech Lab  
  61  6:00  Factory  
  61  6:01  SCV  
  62  6:05  Refinery  
  62  6:06  SCV  
  62  6:09  Siege Tank  
  66  6:13  SCV  
  67  6:23  Supply Depot, SCV  
  67  6:25  SCV  
  70  6:33  Orbital Command  
  70  6:38  SCV x2  
  71  6:41  Siege Tank  
  71  6:44  Mag-Field Accelerator  
  71  6:45  Factory Reactor  
  74  6:50  SCV x2  
  75  6:59  Cyclone  
  75  7:00  SCV  
  79  7:02  Infernal Pre-Igniter  
  79  7:03  SCV  
  79  7:04  SCV  
  81  7:12  SCV  
  83  7:15  SCV  
  83  7:16  Refinery, Engineering Bay, Armory  
  83  7:17  SCV  
  83  7:18  Starport Tech Lab  
  83  7:19  Refinery, Cyclone  
  87  7:24  SCV  
  87  7:27  SCV  
  89  7:36  SCV  
  90  7:40  Hellion  
  92  7:44  Supply Depot  
  92  7:46  Hellion, Armory, Siege Tank  
  92  7:50  SCV x2  
  99  7:51  Factory  
  99  7:57  Barracks  
  99  8:06  Siege Tank  
  99  8:08  Terran Vehicle Weapons Level 1  
  99  8:12  SCV x3  
  105  8:15  Supply Depot  
  105  8:16  Hellion x2  
  105  8:19  Banshee  
  112  8:24  Supply Depot  
  112  8:26  Supply Depot  
  109  8:35  Cyclone  
  109  8:36  Factory Tech Lab, SCV x2  
  109  8:37  SCV  
  109  8:38  Terran Vehicle And Ship Armor Level 1  
  115  8:48  SCV  
  115  8:51  Cyclone  
  121  8:57  Siege Tank  
  121  8:59  SCV  
  121  9:00  Command Center  
  123  9:11  Hellion x2  
  123  9:12  Siege Tank  
  123  9:13  SCV, Banshee  
  134  9:20  Factory  
  134  9:23  Missile Turret  
  134  9:24  Missile Turret  
  134  9:27  Missile Turret, SCV x3  
  137  9:34  Supply Depot  
  137  9:36  Siege Tank  
  140  9:39  Supply Depot, SCV  
  141  9:47  Supply Depot  
  141  9:55  Cyclone x2, SCV x2  
  149  10:00  Supply Depot  
  149  10:01  Hellion x2, Banshee  
  149  10:04  Refinery  
  149  10:05  Refinery, Factory Tech Lab  
  156  10:14  Siege Tank  
  159  10:15  SCV  
  159  10:16  Command Center, SCV  
  159  10:18  Planetary Fortress  
  161  10:26  Hellion x2, Siege Tank  
  161  10:27  Terran Vehicle Weapons Level 2  
  168  10:35  SCV x3  
  171  10:43  Supply Depot  
  171  10:45  Supply Depot  
  171  10:48  Supply Depot  
  171  10:49  Cyclone  
  176  10:50  Hellion, Siege Tank  
  176  10:51  Cyclone  
  182  11:05  Missile Turret, SCV x2  
  182  11:06  Starport  
  182  11:11  Missile Turret  
  184  11:15  Hellion x2  
  188  11:22  Cyclone  
  188  11:23  Cyclone  
  194  11:25  Factory  
  194  11:26  Refinery  
  194  11:32  Refinery  
  194  11:33  Missile Turret  
  194  11:49  Sensor Tower, Starport Tech Lab  
  194  11:54  Cyclone x2  
  200  11:55  Sensor Tower  
  200  11:58  Missile Turret  
  200  12:19  Factory Tech Lab  
Show
View Real Time Build Order
Export as new Build Order

A.I. 1 (Very Easy) Terran 

Build Orders:  

Get SALT Encoding   

  12  0:00  SCV  
  13  0:13  SCV  
  14  0:18  Supply Depot  
  14  0:37  Refinery  
  14  0:42  Barracks  
  14  1:03  Supply Depot  
  14  1:11  Refinery  
  14  1:29  Orbital Command  
  14  1:30  Marine  
  15  1:49  Barracks Tech Lab  
  15  1:54  SCV  
  16  2:06  SCV  
  17  2:11  Marine  
  18  2:18  SCV  
  19  2:30  SCV  
  20  2:43  SCV  
  21  2:53  Marauder  
  21  2:55  SCV  
  24  4:39  Marine  
  24  4:42  Supply Depot  
  21  5:04  SCV  
  18  5:09  Marauder  
  16  5:16  SCV  
  12  5:28  SCV  
  13  5:37  Marine  
  13  5:41  SCV  
  14  5:53  SCV  
  15  6:05  SCV  
  15  6:06  Marauder  
  18  6:17  SCV  
  19  6:23  Factory  
  19  6:28  Command Center  
  19  6:29  SCV  
  20  6:37  Marine  
  21  6:41  SCV  
  22  6:53  SCV  
  23  7:05  SCV  
  24  7:09  Marine  
  24  7:10  Starport  
  25  7:17  SCV  
  25  7:22  Supply Depot  
  26  7:29  SCV  
  27  7:41  Marine  
  27  7:42  SCV  
  27  7:43  SCV  
  27  7:49  Refinery, Starport Tech Lab  
  27  7:53  Refinery  
  27  7:54  SCV  
  29  7:58  SCV  
  29  8:06  SCV  
  29  8:09  Raven  
  32  8:12  Marine, SCV  
  33  8:20  SCV  
  29  8:27  SCV  
  28  8:35  SCV  
  24  8:42  Hellion  
  22  8:49  SCV  
  21  9:01  SCV  
  19  9:10  Hellion  
  19  9:13  SCV  
  10  9:25  SCV  
  7  9:33  Starport  
  7  9:38  SCV  
  5  9:39  Hellion, Supply Depot  
  6  9:50  SCV  
  5  10:02  SCV  
  3  10:08  Hellion  
  3  10:09  Starport Tech Lab  
  6  10:14  SCV  
  5  10:26  SCV  
  6  10:30  Raven  
  7  10:36  Marauder  
  7  10:38  SCV  
  9  10:50  SCV  
  9  11:02  SCV  
  9  11:05  Hellion  
  11  11:13  Raven  
  11  11:14  SCV  
  13  11:26  SCV  
  14  11:36  Marine  
  14  11:38  SCV  
  16  11:51  SCV  
  16  11:53  Marine  
  16  11:56  Medivac  
  18  12:03  SCV  
  19  12:11  Marine  
  19  12:15  SCV  
  19  12:27  SCV  
Tags
 
Composition
Mech
League
Diamond
Matchup
TvT
Race
Terran
Add a new tag
Caveats
  • Supply blocks, unpowered buildings, or Contaminate may cause inaccurate times.
  • Supply counts are checked every 10 seconds.